Map: Acid Plant LE

Players

lIllIIIIlIlI - Winner!

  • Race: Terran Terran
  • League: Master
  • Spawn Location: 5:00

Neuro

  • Race: Zerg Zerg
  • League: Master
  • Spawn Location: 11:00

VOD

Have the link to the VOD?

Description

Time

  • Played on: Oct. 17, 2018, 2:31 p.m.
  • Length: 11:55
Show
View Real Time Build Order
Export as new Build Order

lIllIIIIlIlI Terran - Winner!

Build Orders: Hellion Opening, Bio Tank 

Get SALT Encoding   

  12  0:00  SCV  
  13  0:12  SCV  
  14  0:17  Supply Depot  
  14  0:24  SCV  
  15  0:32  Refinery  
  15  0:38  SCV  
  16  0:45  Barracks  
  16  0:50  SCV  
  17  1:03  SCV  
  18  1:15  SCV  
  20  1:33  Orbital Command, Reaper  
  20  1:43  Command Center  
  20  1:53  Factory  
  20  1:58  SCV  
  21  2:09  Supply Depot, Barracks Reactor  
  21  2:12  SCV  
  22  2:17  Refinery  
  22  2:24  SCV  
  23  2:39  SCV  
  23  2:43  Starport  
  24  2:49  Hellion x2  
  28  2:52  SCV  
  28  2:54  Marine  
  28  2:57  Orbital Command  
  30  3:06  SCV  
  30  3:11  Hellion  
  33  3:13  Hellion  
  33  3:16  Barracks Tech Lab  
  33  3:18  SCV  
  36  3:24  Viking  
  38  3:27  SCV  
  39  3:35  Hellion  
  39  3:37  Hellion  
  39  3:40  Supply Depot  
  43  3:43  SCV  
  43  3:47  SCV  
  45  3:55  SCV  
  46  3:57  Starport Tech Lab, Supply Depot  
  46  4:02  SCV  
  47  4:04  Hellion x2  
  51  4:10  SCV  
  52  4:23  Command Center  
  52  4:24  SCV  
  52  4:25  Supply Depot, SCV  
  54  4:33  Marine  
  54  4:34  Stimpack  
  55  4:40  SCV x2  
  55  4:42  Barracks  
  57  4:46  Starport Reactor  
  57  4:52  SCV  
  55  5:01  SCV  
  55  5:03  Marine  
  55  5:05  SCV, Barracks  
  54  5:07  Siege Tank  
  55  5:18  SCV x2  
  57  5:26  Engineering Bay x2  
  57  5:30  Refinery x2, SCV, Marine  
  57  5:34  SCV  
  60  5:36  Barracks  
  60  5:37  Orbital Command, Barracks  
  60  5:38  Starport Reactor  
  61  5:42  SCV  
  61  5:48  Marine  
  58  5:50  SCV  
  58  5:52  Terran Infantry Weapons Level 1, Terran Infantry Armor Level 1  
  58  5:54  Siege Tank  
  58  5:55  SCV  
  59  6:01  Marine x2  
  59  6:02  SCV  
  62  6:07  SCV, Marine  
  62  6:08  Starport Reactor  
  62  6:10  Marine x2  
  66  6:18  Orbital Command  
  66  6:19  Supply Depot, Marine x2  
  66  6:20  Supply Depot  
  66  6:25  Marine  
  70  6:27  Barracks Reactor x2  
  70  6:28  Marine  
  70  6:29  SCV  
  70  6:30  SCV  
  72  6:34  Marine  
  72  6:36  Siege Tank  
  72  6:37  Marine x2  
  78  6:42  SCV, Marine  
  78  6:44  SCV x2  
  78  6:45  Medivac x2  
  78  6:46  Marine  
  87  6:51  Marine  
  87  6:53  Armory  
  87  6:54  SCV, Combat Shields  
  89  6:55  Supply Depot x2, Marine x2  
  89  6:56  SCV  
  89  6:57  SCV  
  89  7:00  Marine  
  94  7:04  Marine  
  94  7:05  Supply Depot  
  94  7:06  SCV  
  94  7:08  SCV, Marine  
  97  7:09  SCV, Marine  
  97  7:13  Marine  
  101  7:16  Marine x4  
  101  7:18  Marine  
  101  7:19  Supply Depot, SCV  
  101  7:20  Supply Depot  
  101  7:21  Siege Tank  
  110  7:24  SCV  
  110  7:25  SCV  
  110  7:27  Factory  
  112  7:33  Marine x2  
  112  7:34  SCV  
  112  7:36  Marine x2  
  112  7:37  Refinery, Marine x3  
  117  7:38  Refinery, Marine  
  117  7:43  Marine  
  122  7:47  Medivac  
  122  7:49  Terran Infantry Weapons Level 2  
  122  7:51  Marine x2, Terran Infantry Armor Level 2  
  125  7:54  Marine x2  
  125  7:57  Marine x3  
  131  8:02  Marine  
  131  8:06  Siege Tank  
  131  8:08  Marine  
  131  8:09  Marine x2  
  131  8:12  Factory Tech Lab  
  137  8:15  SCV  
  137  8:17  Supply Depot  
  137  8:18  Medivac, Marine, Supply Depot  
  141  8:21  Supply Depot x2  
  141  8:25  Marine x3  
  141  8:26  SCV x2  
  146  8:29  Marine x2  
  148  8:35  Marine  
  148  8:39  Marine x3  
  148  8:41  Supply Depot, Siege Tank  
  155  8:42  SCV  
  155  8:43  Supply Depot, Marine x2  
  158  8:51  Command Center, Marine  
  159  8:57  Marine  
  159  9:02  Marine x7  
  161  9:06  Supply Depot  
  161  9:07  Supply Depot  
  161  9:09  Marine  
  168  9:15  Marine  
  159  9:20  Marine x2  
  159  9:21  Marauder  
  142  9:24  Siege Tank x2  
  142  9:26  Marine  
  142  9:27  Marine  
  142  9:29  Marine x2  
  152  9:42  Marine x3  
  150  9:48  Marine  
  143  9:55  Marine  
  143  9:56  Siege Tank x2  
  147  10:03  Barracks, Marine  
  147  10:04  Barracks, Marine  
  147  10:05  Barracks  
  124  10:15  Liberator x2  
  124  10:18  Marine x7  
  120  10:21  Marine x2  
  120  10:28  Siege Tank  
  129  10:36  Marine x7, Siege Tank  
  129  10:39  Marine x2  
  140  10:45  SCV x3  
  140  10:47  Sensor Tower  
  143  11:00  Siege Tank  
  143  11:01  Planetary Fortress  
  146  11:06  Marauder, Marine x6  
  146  11:07  Marine x2  
  146  11:09  Barracks Tech Lab  
  146  11:10  Barracks Tech Lab  
  156  11:15  Medivac x2  
  160  11:20  Marine  
  160  11:24  Marine x2  
  163  11:27  Marine x2  
  163  11:28  Marauder  
  163  11:30  Marine x2  
  163  11:31  Marauder, Marine x2  
  173  11:33  Marine  
Show
View Real Time Build Order
Export as new Build Order

Neuro Zerg 

Build Orders: Hatch First 

Get SALT Encoding   

  12  0:01  Drone  
  13  0:12  Overlord  
  13  0:17  Drone  
  14  0:31  Drone x2  
  14  0:35  Drone  
  17  0:52  Hatchery  
  17  0:55  Drone  
  17  0:59  Drone  
  18  1:11  Extractor  
  17  1:15  Spawning Pool  
  17  1:17  Drone  
  17  1:21  Drone  
  18  1:28  Drone  
  19  1:41  Overlord  
  19  1:51  Drone  
  20  2:04  Queen x2  
  20  2:05  Zergling x4  
  26  2:12  Metabolic Boost  
  26  2:17  Drone x2  
  28  2:25  Drone  
  28  2:29  Drone  
  30  2:34  Overlord  
  30  2:37  Drone  
  30  2:39  Queen  
  33  2:45  Queen  
  35  3:00  Hatchery  
  35  3:05  Drone x2  
  36  3:07  Drone  
  37  3:15  Drone x4  
  41  3:27  Drone x3  
  44  3:35  Overlord  
  44  3:44  Baneling Nest  
  44  3:46  Overlord  
  43  3:54  Drone x9  
  52  3:58  Overlord  
  52  4:12  Overlord x4  
  52  4:17  Queen  
  52  4:20  Zergling x4  
  52  4:23  Queen  
  58  4:28  Zergling x6  
  61  4:32  Baneling x4  
  61  4:35  Spore Crawler  
  60  4:39  Lair  
  60  4:42  Spore Crawler  
  59  4:46  Zergling x6  
  55  5:04  Zergling x22  
  65  5:09  Drone  
  65  5:13  Evolution Chamber  
  64  5:15  Drone x3  
  64  5:19  Drone x3  
  68  5:27  Drone x2  
  67  5:39  Overlord  
  67  5:40  Drone x7  
  67  5:41  Zerg Ground Armor Level 1  
  74  5:44  Extractor  
  74  5:45  Roach Warren, Extractor  
  66  5:55  Overseer  
  65  6:00  Drone x8  
  65  6:03  Drone x2  
  75  6:06  Spore Crawler  
  74  6:21  Drone x8  
  74  6:22  Extractor x2  
  74  6:24  Glial Reconstitution  
  80  6:26  Overlord x4  
  80  6:37  Centrifical Hooks  
  80  6:38  Evolution Chamber  
  79  6:42  Zergling x12  
  79  6:43  Zergling x2  
  86  6:50  Drone x6  
  92  7:00  Hatchery  
  91  7:04  Zergling x10  
  96  7:15  Hatchery, Zerg Melee Weapons Level 1, Zergling x10  
  100  7:25  Overlord x3  
  100  7:29  Pneumatized Carapace, Overseer  
  100  7:31  Roach x3  
  100  7:35  Roach x3, Extractor  
  111  7:40  Zerg Ground Armor Level 2  
  111  7:47  Roach x4  
  119  7:56  Infestation Pit  
  118  7:58  Zergling x8  
  118  7:59  Zergling x10  
  125  8:10  Zergling x6  
  128  8:13  Overseer  
  128  8:24  Drone x8  
  136  8:35  Hive  
  136  8:38  Baneling x9  
  136  8:39  Zergling x22  
  136  8:41  Extractor  
  146  8:47  Zergling x8  
  142  8:56  Roach x7  
  156  9:04  Overlord x5  
  156  9:15  Queen  
  138  9:18  Zergling x12  
  138  9:19  Zergling x10  
  124  9:26  Zergling x14  
  124  9:27  Zergling x2  
  124  9:29  Baneling x2  
  130  9:42  Baneling x11  
  110  9:53  Zergling x16  
  110  9:54  Zergling x12  
  115  10:07  Viper x2, Ultralisk Cavern  
  101  10:16  Zergling x10  
  101  10:17  Zergling x4  
  100  10:23  Drone x2  
  102  10:39  Baneling x3  
  102  10:42  Drone x3  
  105  10:49  Baneling x4  
  107  10:59  Baneling x6  
  105  11:16  Ultralisk  
Tags
 
Add a new tag
Caveats
  • Supply blocks, unpowered buildings, or Contaminate may cause inaccurate times.
  • Supply counts are checked every 10 seconds.